 Dungeon Crawl Stone Soup version 0.29.1-4-g47bece8355 (webtiles) character file.

Game seed: 12070554070366626793

235 venomsnake the Chopper (level 5, -8/72 HPs)
             Began as a Minotaur Berserker on Dec 9, 2022.
             Was a Believer of Trog.
             Killed from afar by Eustachio (12 damage)
             ... with a bolt of dispelling energy
             ... on level 4 of the Dungeon.
             The game lasted 00:07:51 (2281 turns).

venomsnake the Chopper (Minotaur Berserker)         Turns: 2281, Time: 00:07:52

Health: -8/72      AC:  7    Str: 23      XL:     5   Next: 76%
Magic:  4/4        EV: 10    Int:  4      God:    Trog [**....]
Gold:   113        SH:  5    Dex:  7 (10) Spells: 4/4 levels left

rFire   . . .      SeeInvis .   a - +0 hand axe (flame)
rCold   . . .      Faith    .   j - orb {light}
rNeg    . . .      Spirit   .   o - +0 scale mail
rPois   .          Reflect  +   (helmet restricted)
rElec   .          Harm     .   (no cloak)
rCorr   .          Rampage  .   (no gloves)
Will    .....                   (no boots)
Stlth   ..........              k - amulet of reflection
HPRegen 0.22/turn               (no ring)
MPRegen 0.09/turn               (no ring)

@: berserking, glowing, very quick
A: horns 2, retaliatory headbutt
a: Renounce Religion, Berserk, Trog's Hand


You were on level 4 of the Dungeon.
You worshipped Trog.
Trog was pleased with you.
You visited 1 branch of the dungeon, and saw 4 of its levels.

You collected 113 gold pieces.

Inventory:

Hand Weapons
 a - a +0 hand axe of flaming (weapon)
Missiles
 e - 46 stones (quivered)
 f - a throwing net
Armour
 b - a +0 animal skin
 j - an orb of light (worn)
 o - a +0 scale mail (worn)
Jewellery
 k - an amulet of reflection (around neck)
Wands
 t - a wand of digging (8)
Scrolls
 d - a scroll of blinking {unknown}
 g - a scroll of summoning {unknown}
 i - a scroll of magic mapping {unknown}
 m - 2 scrolls of immolation
 n - a scroll of poison {unknown}
 p - a scroll of noise {unknown}
 q - a scroll of teleportation {unknown}
 r - 2 scrolls of identify
Potions
 c - 2 potions of attraction
 h - a potion of cancellation {unknown}
 l - a potion of degeneration
 s - a potion of heal wounds {unknown}


   Skills:
 + Level 5.0 Fighting
 + Level 5.0 Axes
 + Level 4.2 Armour
 + Level 3.8 Dodging


You had 4 spell levels left.
You didn't know any spells.
Your spell library was empty.

Dungeon Overview and Level Annotations

Branches:
Dungeon (3/15)

Altars:

Annotations:
D:2 1 runed translucent door, Crazy Yiuf
D:4 Eustachio


Innate Abilities, Weirdness & Mutations

You have a pair of horns on your head.
You reflexively headbutt those who attack you in melee.


Message History

You block the quasit's attack. Eustachio hits you with a +0 rapier.
The quasit bites you but does no damage.
You block the quasit's attack. x2
There is an open door here.
You barely miss Eustachio. You hit the crimson imp.
You hit the quasit but do no damage.
Eustachio zaps a wand.
The bolt of dispelling energy hits you!
The quasit bites you but does no damage.
You block the quasit's attack.
The quasit claws you but does no damage.
The crimson imp misses you.
You hit Eustachio but do no damage.
You hit the crimson imp but do no damage.
You closely miss the quasit. Eustachio hits you with a +0 rapier.
The quasit closely misses you.
The quasit claws you but does no damage. x2
You block the crimson imp's attack. The quasit barely misses you.
The quasit claws you but does no damage.
You block the quasit's attack.
Eustachio zaps a wand.
The bolt of dispelling energy hits you!
* * * LOW HITPOINT WARNING * * *
You hit Eustachio but do no damage. You hit the rat but do no damage.
You hit the quasit. You hit the crimson imp.
The rat bites you but does no damage. The quasit bites you.
* * * LOW HITPOINT WARNING * * *
You feel clumsy. You block the quasit's attack. The quasit closely misses you.
The crimson imp hits you but does no damage.
Eustachio casts a spell.
Eustachio blinks!
A red film seems to cover your vision as you go berserk!
You feel yourself moving faster!
You feel mighty! The rat barely misses you. You furiously retaliate!
You headbutt the rat!
You kill the rat!
The rat's corpse disappears in a puff of smoke!
You block the quasit's attack.
The quasit claws you but does no damage. x2
The crimson imp hits you but does no damage.
Eustachio zaps a wand.
The bolt of dispelling energy hits you!
You die...

#.....# #.....#
#.....#
#####.....#+###
.../...........
...............
.............[.
........5.....$
##+####@###+####
#.....ยงยง5.....>.
#...............
#@..............
#...............
#...............
#..##...##...##.
##+ #...##...##
#..........


You could see Eustachio, a quasit (summoned) and a crimson imp (summoned).

Vanquished Creatures
  A hound (D:3)
  A gnoll bouda (D:3)
  An orc priest (D:3)
  Ijyb (D:3)
  2 adders (D:2)
  3 gnolls (D:3)
  A worm (D:3)
  3 dart slugs
  4 orcs (D:3)
  6 bats
  3 endoplasms
  4 giant cockroaches
  2 goblins
  6 hobgoblins
  7 jackals (D:1)
  6 kobolds
  2 quokkas
  A ball python (D:2)
  4 frilled lizards
  5 rats
63 creatures vanquished.

Vanquished Creatures (others)
  A plant (D:1)
1 creature vanquished.

Grand Total: 64 creatures vanquished

Notes
Turn   | Place    | Note
-------+----------+-------------------------------------------
     0 | D:1      | venomsnake the Minotaur Berserker began the quest for the
                  | Orb.
     0 | D:1      | Reached XP level 1. HP: 19/19 MP: 0/0
   216 | D:1      | Reached XP level 2. HP: 24/27 MP: 1/1
   571 | D:1      | Reached XP level 3. HP: 24/33 MP: 2/2
   893 | D:1      | Found a faded altar of an unknown god.
   944 | D:2      | Reached ** piety under Trog
  1317 | D:2      | Found a runed translucent door.
  1318 | D:2      | Noticed Crazy Yiuf
  1377 | D:2      | Reached XP level 4. HP: 30/40 MP: 3/3
  1721 | D:3      | Reached XP level 5. HP: 26/47 MP: 4/4
  1903 | D:3      | Noticed Ijyb
  1922 | D:3      | Killed Ijyb
  1927 | D:3      | Reached skill level 5 in Axes
  1928 | D:3      | Reached skill level 5 in Fighting
  2165 | D:3      | You fall into a shaft and drop 1 floor!
  2222 | D:4      | Noticed Eustachio
  2280 | D:4      | HP: 2/48 [quasit[Eustachio] (3)]
  2281 | D:4      | Killed from afar by Eustachio

Illustrated notes

Levels and vault maps discovered:
D:1:      zaba_arrival_water, layout_rooms,
          shapermc_ecumenical_altar_mp_ritualfount
D:2:      layout_rooms, st_stairs_8, uniq_crazy_yiuf_cottage
D:3:      layout_loops_cross, overflow_temple_1_default, uniq_ijyb
D:4:      layout_gridville, uniq_eustachio, uniq_edmund

Skill      XL: |  1  2  3  4  5 |
---------------+----------------+-----
Fighting       | 4 5 |  5.0
Axes           | 4 5 |  5.0
Armour         | 3 4 |  4.2
Dodging        | 3 |  3.8

Action                   |  1- 3 |  4- 6 || total
-------------------------+-------+-------++-------
Melee: Hand axe          |    88 |    60 ||   148
       Headbutt          |    11 |     7 ||    18
Invok: Berserk           |       |     2 ||     2
  Use: Scroll            |     5 |       ||     5
Armor: Animal skin       |    15 |       ||    15
       Scale mail        |    14 |    46 ||    60
Dodge: Dodged            |    43 |    36 ||    79
Block: Orb               |    10 |    30 ||    40
       Reflection        |       |     2 ||     2
